 Dungeon Sprint DCSS version 0.31-a0-664-g902f515a81 (webtiles) character file.

Game seed: 616175428067132003

4235 rocky1 the Brawler (level 10, -26/78 HPs)
             Began as a Djinni Shapeshifter on Sept 3, 2023.
             Was an Initiate of Gozag.
             Annihilated by an alligator snapping turtle (39 damage)
             ... in the Dungeon (Sprint VII: "The Pits").
             The game lasted 00:07:48 (2061 turns).

rocky1 the Brawler (Djinni Shapeshifter)            Turns: 2061, Time: 00:07:49

Health: -26/78     AC:  9    Str: 22    XL:     10   Next: 55%
Gold:   1350       EV: 14    Int: 17    God:    Gozag SH:  0 Dex: 12

rFire   + +          .
                       - Unarmed
rCold   x . .        (no shield)
rNeg    . . .        r - +3 ring mail of Ytoist {Str+3}
rPois   ∞            (helmet currently unavailable)
rElec   .            (cloak currently unavailable)
rCorr   .            (gloves currently unavailable)
SInv    .            (boots unavailable)
Will    +....        (no amulet)
Stlth   +            l - +3 ring of strength
HPRegen 0.33/turn    n - +3 ring of strength
MPRegen 0.00/turn

%: no teleportation, infuse magic (-27 HP)
@: beast-form, flying
A: beast (slay +4), flying, sickness immunity, fire resistance 2, cold
vulnerability 1, float, innate caster, HP casting, extra vitality 1
a: Begin Untransformation, Renounce Religion, Potion Petition, Call Merchant,
Bribe Branch


You were in the Dungeon.
You worshipped Gozag.
Gozag was most pleased with you.
You were a hulking beast.
You visited 1 branch You collected 3240 gold pieces.
You spent 1105 gold pieces at shops.
You paid 785 gold pieces to Gozag.

Inventory:

Missiles
 o - 10 poisoned darts (quivered)
Armour
 a - the -1 pair of gloves of the Game of Life {rC+}
   (You bought it in a shop in the Dungeon)

   rC+:       It protects you from cold.
 m - a +3 chain mail of fire resistance
 p - a +4 chain mail
 q - a +2 pair of gloves of infusion
 r - the +3 ring mail of Ytoist (worn) {Str+3}
   (You bought it in a shop in the Dungeon)

   Str+3:     It affects your strength (+3).
 s - a +2 pair of gloves of dexterity
Jewellery
 l - a +3 ring of strength (left hand)
 n - a +3 ring of strength (right hand)
Talismans
 c - a beast talisman (active)
 d - a flux talisman
Wands
 i - a wand of polymorph (7)
 u - a wand of light (7)
Scrolls
 k - 2 scrolls of vulnerability
Potions
 b - a potion of lignification
 e - 9 potions of curing
 f - 10 potions of heal wounds
 g - a potion of haste
 h - 3 potions of berserk rage
 j - a potion of invisibility


   Skills:
 * Level 9.6 Fighting
 + Level 8.4 Armour
 + Level 8.2 Dodging
 + Level 15.6 Unarmed Combat
 * Level 3.8 Spellcasting
 * Level 3.8 Conjurations
 * Level 3.8 Hexes
 * Level 3.8 Summonings
 * Level 3.8 Necromancy
 * Level 3.8 Translocations
 * Level 3.8 Transmutations
 * Level 3.8 Fire Magic
 * Level 3.8 Ice Magic
 * Level 3.8 Air Magic
 * Level 3.8 Earth Magic
 * Level 3.8 Poison Magic
 + Level 8.6 Shapeshifting


You knew the following spells:

 Your Spells              Type           Power      Damage    Failure   Level
a - Slow                  Hex            64%        N/A       4%          1
b - Poisonous Vapours     Pois/Air       32%        N/A       8%          2
c - Dazzling Flash        Conj/Hex       32%        N/A       14%         3
d - Passage of Golubria   Tloc           16%        N/A       43%         4
Your spell library was empty.

Dungeon Overview and Level Annotations

Branches:
Dungeon (1/1)

Altars:
Ashenzari
Cheibriados
Dithmenos
Elyvilon
Fedhas
Gozag
Hepliaklqana
Makhleb
Nemelex Xobeh
Okawaru
Qazlal
Ru
Trog
Uskayaw
Wu Jian
Xom
Yredelemnul
Zin
The Shining One
Jiyva
Lugonu

Shops:
D [


Innate Abilities, Weirdness & Mutations

You are a hulking beast.
Your limbs bulge with bestial killing power. (Slay +4)
You are flying.
You are immune to sickness and miasma.
You are immune to poison.
Your flesh is very heat resistant. (rF++)
You are vulnerable to cold. (rC-)
You float through the air rather than walking.
You learn spells naturally, not from books.
Your magical power is your life essence.
You have superior vitality. (+4 MHP)


Message History

The alligator snapping turtle looks as sick as possible!
The alligator snapping turtle is lightly wounded.
Throw: 11 darts (poison)
Press: ? - help, Q - select action, (/) - cycle Shift-Dir - straight line, f/p - alligator snapping turtle
Aim: an alligator snapping turtle (lightly wounded, extremely poisoned, 94% to hit)
You throw a poisoned dart.
The poisoned dart hits the alligator snapping turtle.
The alligator snapping turtle looks as sick as possible!
The alligator snapping turtle is lightly wounded.
Aiming: Polymorph
Press: ? - help, Shift-Dir - straight line, f/p - alligator snapping turtle
Aim: an alligator snapping turtle (lightly wounded, extremely poisoned, will become a sphinx, a fenstrider witch, or a formless jellyfish, chance to affect: 17%)
The alligator snapping turtle resists with almost no effort.
The alligator snapping turtle bites you from afar!!
You feel much better.
Things that are here:
a +2 scimitar of flaming; a +0 robe The alligator snapping turtle attacks as it pursues you!
The alligator snapping turtle bites you from afar!
The alligator snapping turtle attacks as it pursues you!
The alligator snapping turtle bites you from afar!!!
* * * LOW HITPOINT WARNING * * *
The alligator snapping turtle attacks as it pursues you!
The alligator snapping turtle barely misses you.
Aiming: Bolt of Light
Press: ? - help, Shift-Dir - straight line, f/p - alligator snapping turtle
Aim: an alligator snapping turtle (moderately wounded, very poisoned, 100% to hit)
The bolt of light hits the alligator snapping turtle.
The alligator snapping turtle is moderately wounded.
The alligator snapping turtle is blinded.
Unknown command.
Aiming: Bolt of Light
Press: ? - help, Shift-Dir - straight line, f/p - alligator snapping turtle
Aim: an alligator snapping turtle (heavily wounded, blind, very poisoned, 100% to hit)
The bolt of light hits the alligator snapping turtle.
The alligator snapping turtle is heavily wounded.
The alligator snapping turtle bites you from afar!!!
Ouch! That really hurt!
You die...
Your body crumbles into a pile of gold.

#..)......((((....
#..##############+
#..# #..# #######
#..# ..##..# #..#
..##..# #t.#
..''..# #..#
..''.)##########h.#
..##.).)..........#
..##.)))).........#
###################
#


You could see an alligator snapping turtle (blind, very poisoned).

Vanquished Creatures
  Erica (D)
  A death yak (D)
  An eye of devastation (D)
  A rime drake (D)
  A kobold demonologist (D)
  4 blink frogs (D)
  A dream sheep (D)
  Sigmund (D)
  A wraith (D)
  A fire bat (D)
  An acid dragon (D)
  A floating eye (D)
  2 ice beasts (D)
  4 kobold brigands (D)
  A scorpion (D)
  A jelly (D)
  An orc priest (D)
  A hound (D)
  A gnoll bouda (D)
  5 gnolls (D)
  2 river rats (D)
  2 ufetubi (D)
  An adder skeleton (D)
  4 orcs (D)
  A bat (D)
  A bat skeleton (D)
  An endoplasm (D)
  A giant cockroach (D)
  2 jackals (D)
  A bat simulacrum (D)
  A giant cockroach zombie (D)
  3 kobolds (D)
51 creatures vanquished.

Notes
Turn   | Place    | Note
-------+----------+-------------------------------------------
     0 | D        | rocky1 the Djinni Shapeshifter began the quest for the Orb.
     0 | D        | Reached XP level 1. HP: 17/17 MP: 0/0
    22 | D        | Found a bloodstained altar of Trog.
    22 | D        | Found a viscous altar of Jiyva.
    22 | D        | Found a hazy altar of Hepliaklqana.
    22 | D        | Found an opulent altar of Gozag.
    23 | D        | Found a glowing golden altar of the Shining One.
    23 | D        | Found a glowing silver altar of Zin.
    23 | D        | Found a basalt altar of Yredelemnul.
    23 | D        | Found a shimmering altar of Xom.
    23 | D        | Found an ornate altar of the Wu Jian Council.
    23 | D        | Found a sacrificial altar of Ru.
    23 | D        | Found a stormy altar of Qazlal.
    23 | D        | Found an iron altar of Okawaru.
    23 | D        | Found a sparkling altar of Nemelex Xobeh.
    23 | D        | Found a burning altar of Makhleb.
    23 | D        | Found a blossoming altar of Fedhas.
    23 | D        | Found a white marble altar of Elyvilon.
    23 | D        | Found a shadowy altar of Dithmenos.
    23 | D        | Found a snail-covered altar of Cheibriados.
    27 | D        | Found a corrupted altar of Lugonu.
    28 | D        | Found a broken altar of Ashenzari.
    28 | D        | Found a hide-covered altar of Uskayaw.
    30 | D        | Became a worshipper of Gozag Ym Sagoz the Greedy
    71 | D        | Reached skill level 4 in Unarmed Combat
    71 | D        | Reached XP level 2. HP: 8/22 MP: 0/0
   236 | D        | Noticed a floating eye
   241 | D        | Paralysed by a floating eye for 3 turns
   245 | D        | Killed a floating eye
   246 | D        | Reached skill level 6 in Unarmed Combat
   246 | D        | Reached XP level 3. HP: 27/27 MP: 0/0
   246 | D        | Learned a level 1 spell: Slow
   246 | D        | Reached XP level 4. HP: 32/32 MP: 0/0
   246 | D        | Reached XP level 5. HP: 37/37 MP: 0/0
   246 | D        | Learned a level 2 spell: Poisonous Vapours
   361 | D        | Reached skill level 7 in Unarmed Combat
   652 | D        | Noticed a rime drake
   652 | D        | Noticed a demonic crawler
   728 | D        | Noticed an ice beast
   735 | D        | Killed an ice beast
   736 | D        | Reached skill level 5 in Dodging
   736 | D        | Reached skill level 8 in Unarmed Combat
   736 | D        | Reached XP level 6. HP: 46/46 MP: 0/0
   738 | D        | Noticed a fire bat
   746 | D        | Killed a fire bat
   747 | D        | Reached skill level 1 in Armour
   747 | D        | Reached skill level 9 in Unarmed Combat
   747 | D        | Reached XP level 7. HP: 35/52 MP: 0/0
   747 | D        | Learned a level 3 spell: Dazzling Flash
   774 | D        | Reached skill level 10 in Unarmed Combat
   793 | D        | Reached skill level 5 in Fighting
   878 | D        | Noticed a dream sheep
   883 | D        | Killed a dream sheep
   884 | D        | Reached skill level 11 in Unarmed Combat
   884 | D        | Reached XP level 8. HP: 45/61 MP: 0/0
   887 | D        | Noticed Sigmund
   933 | D        | HP: 2/61 [something (9)]
   941 | D        | Killed Sigmund
  1014 | D        | Noticed a rime drake
  1014 | D        | Noticed a wraith
  1025 | D        | Killed a wraith
  1026 | D        | Reached skill level 12 in Unarmed Combat
  1027 | D        | Killed a rime drake
  1028 | D        | Reached XP level 9. HP: 55/68 MP: 0/0
  1028 | D        | Learned a level 4 spell: Passage of Golubria
  1161 | D        | Bought a pair of blackened gloves for 256 gold pieces
  1161 | D        | Identified the -1 pair of gloves of the Game of Life {rC+}
                  | (You bought it in a shop in the Dungeon)
  1161 | D        | Bought a shiny chain mail for 202 gold pieces
  1161 | D        | Bought a pair of glowing gloves for 202 gold pieces
  1161 | D        | Bought a pitted ring mail for 243 gold pieces
  1161 | D        | Identified the +3 ring mail of Ytoist {Str+3} (You bought
                  | it in a shop in the Dungeon)
  1161 | D        | Bought a pair of embroidered gloves for 202 gold pieces
  1240 | D        | Noticed a kobold demonologist
  1244 | D        | Noticed a sun demon
  1245 | D        | Noticed a hellwing
  1252 | D        | Reached skill level 5 in Armour
  1253 | D        | Killed a kobold demonologist
  1254 | D        | Reached skill level 13 in Unarmed Combat
  1254 | D        | Reached skill level 1 in Spellcasting
  1254 | D        | Reached skill level 1 in Conjurations
  1254 | D        | Reached skill level 1 in Hexes
  1254 | D        | Reached skill level 1 in Summonings
  1254 | D        | Reached skill level 1 in Necromancy
  1254 | D        | Reached skill level 1 in Translocations
  1254 | D        | Reached skill level 1 in Transmutations
  1254 | D        | Reached skill level 1 in Fire Magic
  1254 | D        | Reached skill level 1 in Ice Magic
  1254 | D        | Reached skill level 1 in Air Magic
  1254 | D        | Reached skill level 1 in Earth Magic
  1254 | D        | Reached skill level 1 in Poison Magic
  1305 | D        | Noticed an eye of devastation
  1305 | D        | Noticed a death yak
  1313 | D        | Killed a death yak
  1314 | D        | Reached skill level 14 in Unarmed Combat
  1316 | D        | Killed an eye of devastation
  1317 | D        | Reached XP level 10. HP: 58/77 MP: 0/0
  1385 | D        | Noticed Erica
  1397 | D        | Killed Erica
  1398 | D        | Reached skill level 15 in Unarmed Combat
  1616 | D        | Noticed an alligator snapping turtle
  2061 | D        | Annihilated by an alligator snapping turtle

Illustrated notes

Levels and vault maps discovered:
D:        pitsprint [storerooms_1, entrance_room_1, metal_vault_4, armoury_2,
          mini_pit_1, grid_room_1, main_hall_1, silver_pit, the_coven_1,
          the_vestibule_1, steel_vault_1, golden_pit, hallway_of_sentries,
          crystal_vault_2, iron_vault_2, final_vault]

Skill      XL: |  1  2  3  4  5  6  7  8  9 10 |
---------------+-------------------------------+-----
Shapeshifting  | 3 6 7 8 |  8.6
Unarmed Combat | 4 6 8 9 11 12 14 15 | 15.6
Dodging        | 4 5 6 7 8 |  8.2
Fighting       | 3 4 5 7 8 9 |  9.6
Armour         | 1 2 4 7 8 |  8.4
Spellcasting   | 2 3 |  3.8
Conjurations   | 2 3 |  3.8
Hexes          | 2 3 |  3.8
Summonings     | 2 3 |  3.8
Necromancy     | 2 3 |  3.8
Translocations | 2 3 |  3.8
Transmutations | 2 3 |  3.8
Fire Magic     | 2 3 |  3.8
Ice Magic      | 2 3 |  3.8
Air Magic      | 2 3 |  3.8
Earth Magic    | 2 3 |  3.8
Poison Magic   | 2 3 |  3.8

Action                     |  1- 3 |  4- 6 |  7- 9 | 10-12 || total
---------------------------+-------+-------+-------+-------++-------
  Melee: Unarmed           |    20 |    34 |    92 |    27 ||   173
         Punch             |     1 |     2 |    12 |       ||    15
  Throw: Dart              |       |       |       |     8 ||     8
 Invoke: Call Merchant     |       |       |     1 |       ||     1
  Evoke: Wand              |       |       |       |     3 ||     3
    Use: Potion            |       |     1 |     6 |     1 ||     8
         Scroll            |       |     1 |     1 |       ||     2
   Stab: Distracted        |       |     1 |       |       ||     1
         Invisible         |       |       |     2 |       ||     2
 Armour: Animal skin       |    14 |    14 |       |       ||    28
         Scale mail        |       |     7 |    39 |       ||    46
         Ring mail         |       |       |    14 |    23 ||    37
  Dodge: Dodged            |    13 |    16 |    43 |    17 ||    89

Table legend: (Time is in decaauts)
 A = Elapsed time spent in this place.
 B = Non-inter-level travel time spent in this place.
 C = Inter-level travel time spent in this place.
 D = Time resting spent in this place.
 E = Time spent auto-exploring this place.
 F = Levels seen in this place.
 G = Mean time per level.
                   A        B        C        D        E       F      G
               +--------+--------+--------+--------+--------+-----+--------+
         Total |   2064 |   2004 |     60 |   1234 |      0 |   1 | 2064.0 |
       Dungeon |   2064 |   2004 |     60 |   1234 |      0 |   1 | 2064.0 |
               +--------+--------+--------+--------+--------+-----+--------+

Top non-repeatable levels by time:
       D: 2064 daAuts
